[Event "Early-Titled-Tuesday-Blitz-June-18-2024"]
[Site "Chess.com"]
[Date "2024.06.18"]
[Round "6"]
[White "rachidhuilda"]
[Black "Moon_stone123"]
[Result "1-0"]
[WhiteElo "2414"]
[BlackElo "2596"]
[TimeControl "180+1"]
[EndTime "9:10:05 PDT"]
[Termination "rachidhuilda won by resignation"]

1. d4 d5 2. Nf3 e6 3. c4 a6 4.
cxd5 exd5 5. Nc3 c6 6. Bf4 Bd6 7. Bg3 Nf6 8. e3 O-O 9. Bd3 Re8 10. Qc2 Be6 11. O-O Bxg3 12. hxg3 Nbd7 13. Rfd1 Qe7 14. Rab1 a5 15. a3 Bg4 16. Bf5 Bxf5 17. Qxf5 g6 18. Qc2 Ne4 19. Nxe4 dxe4 20. Nd2 Nf6 21. b4 axb4 22.
axb4 Ra3 23. b5 Rc8 24. Rdc1 Ra5 25. Qc5 Qe6 26. Qe5 Qxe5 27. dxe5 Nd7 28. bxc6 Rxc6 29. Rxc6 bxc6 30. Nxe4 Nxe5 31. Rc1 Ra4 32. f3 Ra3 33. Rc3 Rxc3 34. Nxc3 Kf8 35. Kf2 Ke7 36. e4 Kd6 37. Ke3 Kc5 38. g4 Kb4 39. Ne2 c5 40. g5 c4 41. f4 Nd7 42. Kd4 Nc5 43. f5 Nb3+ 44.
Ke5 c3 45. Nxc3 Kxc3 46. Kf6 Nc5 47. Kxf7 Nxe4 48. fxg6 hxg6 49. Kxg6 Kd4 50. Kf5 Kd5 51. g6 Nd6+ 52. Kf6 Ne8+ 53. Kf7 Nd6+ 54. Ke7 Nf5+ 55.
Kf6 Nd6 56. g4 Ne8+ 57. Kf7 Nd6+ 58. Ke7 1-0

[Event "Early-Titled-Tuesday-Blitz-June-18-2024"]
[Site "Chess.com"]
[Date "2024.06.18"]
[Round "6"]
[White "giovannibrandao7"]
[Black "kinga2008"]
[Result "0-1"]
[WhiteElo "2287"]
[BlackElo "2559"]
[TimeControl "180+1"]
[EndTime "9:10:05 PDT"]
[Termination "kinga2008 won on time"]

1. e4 e6 2. d4 d5 3. Nd2 c5 4. exd5 exd5 5. dxc5 Bxc5 6. Ngf3 Nf6 7. Bb5+ Bd7 8. Qe2+ Be7 9. O-O O-O 10. c3 Nc6 11.
Nb3 Bd6 12. Bg5 h6 13. Bh4 Be7 14. Rad1 a6 15. Bxc6 bxc6 16. Ne5 Re8 17. Nxd7 Qxd7 18.
Qf3 Ne4 19. Bxe7 Qxe7 20. h3 Rab8 21. Rfe1 Qg5 22. c4 dxc4 23. Rxe4 Rxe4 24. Qxe4 cxb3 25. axb3 Qf6 26. Rc1 Qxb2 27. Qxc6 Qxb3 28. Qxa6 Qb2 29.
Qf1 Qd4 30. Qd1 Qf6 31. Qd2 Rb2 32. Qe3 Kh7 33. Re1 g6 34. g3 h5 35. Kg2 Qf5 36.
Qf3 Qd7 37. Re4 Rb5 38. Rf4 Kg7 39. Qc3+ Kh7 40. Qf3 Rb7 41. Qc3 Rc7 42. Qf3 Qe6 43.
Rf6 Qc4 44. Qf4 Qd5+ 45. Qf3 Qe5 46. Rf4 Rc3 47. Rxf7+ Kh6 48. Qf4+ Qxf4 49. Rxf4 Kg5 50. Rd4 Rc5 51. Rd6 Kf5 52. h4 Rc2 53. Rd5+ Ke4 54.
Rg5 Rc6 55. f3+ Ke3 56. g4 hxg4 57. fxg4 Kf4 58. Ra5 Rc2+ 0-1

[Event "Early-Titled-Tuesday-Blitz-June-18-2024"]
[Site "Chess.com"]
[Date "2024.06.18"]
[Round "6"]
[White "Muracle"]
[Black "Chessgod9oninsta"]
[Result "1-0"]
[WhiteElo "2594"]
[BlackElo "2749"]
[TimeControl "180+1"]
[EndTime "9:10:06 PDT"]
[Termination "Muracle won by checkmate"]

1. d4 d5 2. Nf3 Nf6 3. g3 Bf5 4. Bg2 h6 5. O-O e6 6. c4 c6 7. Qb3 Qb6 8. c5 Qxb3 9. axb3 a6 10. Nc3 Nbd7 11. b4 Rc8 12. h3 Be7 13. g4 Bh7 14. Nd2 O-O 15. Nb3 Bd8 16. Bf4 Re8 17. Bd6 e5 18.
Rac1 Re6 19. dxe5 Nxe5 20. Nd4 Re8 21. b3 Bc7 22. Bxc7 Rxc7 23. Rfe1 Rce7 24. Kf1 g5 25. Rcd1 h5 26. f3 hxg4 27. hxg4 Kg7 28. Rd2 Ned7 29.
Kf2 Bg6 30. Nd1 Kf8 31. Rh1 Kg8 32. Re1 Ne5 33. Ne3 Ned7 34. Nef5 Bxf5 35. Nxf5 Re5 36. Nh6+ Kg7 37. Nf5+ Kf8 38. Rh1 Kg8 39. Nh6+ Kg7 40. Nf5+ Kg8 41. Rh6 R5e6 42. Rh1 a5 43. bxa5 Nxc5 44.
b4 Na6 45. Rb2 Nc7 46. Nh6+ Kg7 47. Nf5+ Kg8 48. Nh6+ Kf8 49. Nf5 Nb5 50. Rh8+ Ng8 51. e3 Nc3 52. Rd2 Re5 53. Bf1 f6 54. Bd3 Kf7 55.
Bc2 Kf8 56. Rd3 Nb5 57. Rd1 Nc7 58. Rdh1 Ne6 59. R1h7 Rb8 60. Bd3 Nd8 61. Rg7 Rxf5 62. Rhxg8# 1-0

[Event "Early-Titled-Tuesday-Blitz-June-18-2024"]
[Site "Chess.com"]
[Date "2024.06.18"]
[Round "6"]
[White "Andrei_Skvortsov"]
[Black "UF_10"]
[Result "0-1"]
[WhiteElo "2771"]
[BlackElo "2560"]
[TimeControl "180+1"]
[EndTime "9:10:07 PDT"]
[Termination "UF_10 won by resignation"]

1. e4 e6 2. d4 d5 3. exd5 exd5 4. Nf3 Bd6 5. c4 Nf6 6. Qe2+ Be7 7. c5 O-O 8. h3 Re8 9. Be3 Nc6 10. Nc3 b6 11. cxb6 axb6 12. Qd2 Bb4 13. Bd3 Ne4 14. Qc2 Ng3 15. fxg3 Rxe3+ 16. Kf2 Re8 17. Bxh7+ Kh8 18. Rhe1 Be6 19. Bf5 Nxd4 20. Nxd4 Qf6 21. Qd3 Bc5 22.
g4 Bxd4+ 23. Kg3 Be5+ 24. Kf2 g6 25. Rxe5 Qxe5 26. Bxe6 Rxe6 27. Kg1 Qe3+ 28. Qxe3 Rxe3 29. Nxd5 Re2 30. Nxc7 Rc8 31. Nd5 Rxb2 32. a4 Rcc2 33. Ne3 Re2 34. Nf1 Rxg2+ 35. Kh1 Rgf2 36. Rd1 Rb3 37.
Kg1 Ra2 38. h4 Rh3 39. h5 gxh5 40. gxh5 Rxh5 41. Rd4 Rg5+ 42. Kh1 Kg7 43. Rb4 Ra1 44. Rf4 Kg6 45. Kh2 Rf5 46. Rg4+ Kh5 47. Ne3 Rf2+ 48.
Kg3 Re2 49. Re4 Rae1 50. Re5+ Kg6 51. Kf3 Rxe3+ 52. Rxe3 Rxe3+ 53. Kxe3 Kg5 54. Kd4 f5 55. Ke3 Kg4 56. Kd4 f4 57. Kd5 f3 58. a5 bxa5 0-1

[Event "Early-Titled-Tuesday-Blitz-June-18-2024"]
[Site "Chess.com"]
[Date "2024.06.18"]
[Round "6"]
[White "Javokhir_Sindarov05"]
[Black "Vladimir_Zakhartsov"]
[Result "1-0"]
[WhiteElo "3063"]
[BlackElo "2903"]
[TimeControl "180+1"]
[EndTime "9:10:08 PDT"]
[Termination "Javokhir_Sindarov05 won by checkmate"]

1. e4 e6 2. d4 d5 3. exd5 exd5 4. Nf3 Nc6 5. Bd3 Bd6 6. Nc3 Nge7 7. Nb5 Bf5 8. O-O O-O 9. Re1 Qd7 10. Nxd6 Qxd6 11. Bxf5 Nxf5 12. Qd3 g6 13. Bd2 Rfe8 14. c3 a6 15. h4 h5 16. g3 f6 17. Bf4 Qd7 18. Kg2 Kf7 19. c4 Nce7 20. c5 c6 21. b4 Ng8 22. a4 Rxe1 23. Rxe1 Re8 24. Rb1 Re4 25. b5 axb5 26. axb5 Nge7 27. b6 Ng7 28. Nd2 Re6 29. Ra1 Nef5 30. Ra7 Re7 31. Bc7 Qc8 32. Bd6 Rd7 33. Nb3 Ne6 34. Qd2 Kg7 35. Bf4 Re7 36. Bd6 Rd7 37. Kg1 Nxd6 38. cxd6 Rxd6 39. Qa2 g5 40. Qa6 Rd7 41. Ra8 bxa6 42. Rxc8 Rb7 43. Rxc6 Nd8 44. Rc7+ Kg6 45. Rxb7 Nxb7 46. Nc5 Nd8 47. b7 Nc6 48. Nxa6 gxh4 49. gxh4 Kf5 50. f3 Kf4 51. Kf2 f5 52. Nc5 Nb8 53. Nd3# 1-0

[Event "Early-Titled-Tuesday-Blitz-June-18-2024"]
[Site "Chess.com"]
[Date "2024.06.18"]
[Round "6"]
[White "subham777"]
[Black "bubeliang"]
[Result "0-1"]
[WhiteElo "2593"]
[BlackElo "2799"]
[TimeControl "180+1"]
[EndTime "9:10:08 PDT"]
[Termination "bubeliang won on time"]

1. e4 g6 2. g3 Bg7 3. Bg2 c6 4. Ne2 d5 5. exd5 cxd5 6. O-O Nf6 7. d4 O-O 8. Nbc3 Nc6 9. Re1 Bf5 10. a3 Qd7 11. Bg5 Ne4 12. Nxe4 dxe4 13. c3 Rfe8 14. Be3 Rad8 15. Qc2 e5 16. Rad1 exd4 17. Nxd4 Nxd4 18. Bxd4 Qe7 19. Bxg7 Rxd1 20. Qxd1 Kxg7 21. Qd4+ Qf6 22. Qxa7 b6 23. Qb7 Re7 24. Qa6 Qd6 25. Qc4 Rd7 26. Bxe4 Qd2 27. Qe2 Bh3 28. Qxd2 Rxd2 29. Bg2 Bxg2 30.
Kxg2 Rxb2 31. Re4 Rb3 32. Rb4 Rxa3 33. Rxb6 Rxc3 34. h4 h5 35. Ra6 Rc5 36. Ra7 Rf5 37.
Rc7 Rf6 38. Rc5 Re6 39. Rb5 Rd6 40. Kf3 Rf6+ 41. Kg2 Ra6 42. Kf3 Ra4 43. Ke3 Ra3+ 44. Ke4 Rc3 45. Rb6 Ra3 46. Rc6 Kf8 47. Rc7 Ra6 48.
Kf3 Rf6+ 49. Kg2 Kg8 50. Rb7 Kg7 51. Rc7 Rb6 52. Rd7 Kf6 53. Rc7 Ke6 54. Ra7 Rd6 55. Rb7 Rd5 56. Ra7 Rf5 57. Rb7 Rf6 58. Rb6+ Ke7 59.
Rb7+ Ke6 60. Rb6+ Ke5 61. f4+ Kf5 0-1

[Event "Early-Titled-Tuesday-Blitz-June-18-2024"]
[Site "Chess.com"]
[Date "2024.06.18"]
[Round "6"]
[White "klimkoj"]
[Black "Mikhail_Bryakin"]
[Result "1-0"]
[WhiteElo "2900"]
[BlackElo "2758"]
[TimeControl "180+1"]
[EndTime "9:10:09 PDT"]
[Termination "klimkoj won by resignation"]

1. e4 Nf6 2. e5 Nd5 3. Nf3 d6 4. exd6 exd6 5. d4 Be7 6. Be2 Bg4 7. O-O O-O 8. h3 Bh5 9. Nbd2 Nf4 10. Ne4 Nxe2+ 11.
Qxe2 Nd7 12. Ng3 Bg6 13. Be3 d5 14. Ne5 c6 15. f4 Be4 16. f5 Bd6 17. Nxe4 dxe4 18.
Nxd7 Qxd7 19. f6 g6 20. Qf2 Rfe8 21. Qh4 Rad8 22. Rad1 Bf8 23. Bh6 Bd6 24. Bf4 Bf8 25. Be5 Qd5 26. b3 c5 27. c3 cxd4 28. cxd4 e3 29. Rde1 Qa5 30. Rxe3 Qxa2 31. Qe4 Qa6 32. Ree1 Qb5 33. Qe3 b6 34. Ra1 a5 35. Rfd1 Qd5 36. Qf3 Qb5 37. Rac1 Rd7 38. Re1 Red8 39. Re3 h6 40.
Qc6 Qxc6 41. Rxc6 Rb7 42. Rec3 b5 43. Rc8 Rbd7 44. R3c7 Rxc8 45. Rxc8 a4 46. bxa4 bxa4 47. Ra8 a3 48. Kf2 g5 49. Ke3 Kh7 50. Rxf8 Ra7 51. d5 a2 52. d6 a1=Q 53. Bxa1 Rd7 54. Be5 Kg6 55. Re8 Ra7 56. Re7 Ra3+ 57. Kd4 Ra4+ 58.
Kd5 Ra6 59. d7 1-0

[Event "Early-Titled-Tuesday-Blitz-June-18-2024"]
[Site "Chess.com"]
[Date "2024.06.18"]
[Round "6"]
[White "KnightDuta"]
[Black "superchess02"]
[Result "0-1"]
[WhiteElo "2746"]
[BlackElo "2890"]
[TimeControl "180+1"]
[EndTime "9:10:09 PDT"]
[Termination "superchess02 won on time"]

1. e4 c6 2. d4 d5 3. Nc3 g6 4. Nf3 Bg7 5. e5 h5 6. Bf4 Bg4 7. h3 Bxf3 8. Qxf3 e6 9. O-O-O b5 10. Kb1 a5 11. Bd3 Nd7 12. g4 a4 13. Rdg1 h4 14. Ne2 b4 15. Bd2 Qb6 16. Qe3 b3 17.
cxb3 axb3 18. a3 c5 19. dxc5 Qxc5 20. f4 g5 21. Qxc5 Nxc5 22. Bb5+ Kd8 23. Be3 Nd7 24.
fxg5 Bxe5 25. Rf1 Rh7 26. Nd4 Ne7 27. Bd3 Rg7 28. Nf3 Bg3 29. Nd2 Rb8 30. Rc1 e5 31. Rhf1 d4 32. Bf2 Bf4 33. Rcd1 Nc5 34. Ne4 Nxe4 35.
Bxe4 Bxg5 36. Rd3 f6 37. Be1 Kd7 38. Rff3 Rgg8 39. Rxb3 Rgc8 40. Rxb8 Rxb8 41. Ka2 Ke6 42. Rb3 Rd8 43. Rb6+ Kf7 44. Bb4 Nd5 45. Rb7+ Kg8 46.
Ba5 Rd6 47. Bh7+ Kh8 48. Be4 Nf4 49. Rh7+ Kg8 50. Bb4 Rd8 51. Rc7 d3 52. Bh7+ Kh8 53. Be4 d2 54. Bf3 e4 55. Bd1 e3 56. Re7 e2 0-1

[Event "Early-Titled-Tuesday-Blitz-June-18-2024"]
[Site "Chess.com"]
[Date "2024.06.18"]
[Round "6"]
[White "savitha1030"]
[Black "Aygehovit1992"]
[Result "0-1"]
[WhiteElo "2585"]
[BlackElo "2797"]
[TimeControl "180+1"]
[EndTime "9:10:09 PDT"]
[Termination "Aygehovit1992 won by resignation"]

1. e4 c5 2. Nf3 d6 3. d4 cxd4 4. Nxd4 Nf6 5. Nc3 g6 6. Be3 Nc6 7. f3 h5 8. Bc4 Bg7 9. Bb3 Bd7 10. Qd2 Na5 11. O-O-O Rc8 12. Kb1 Nc4 13. Bxc4 Rxc4 14.
Qd3 Rc8 15. f4 Qa5 16. Nb3 Qa6 17. Qxa6 bxa6 18. Bd4 O-O 19. e5 dxe5 20. fxe5 Ng4 21. h3 Nh6 22. Nd5 Rfe8 23. Bxa7 Bf5 24. Bc5 Bxe5 25.
Rhe1 f6 26. Rd2 Kf7 27. Be3 Ng8 28. Nc5 Red8 29. Red1 h4 30. Nb6 Rxd2 31. Rxd2 Rc6 32. Nxa6 Bg3 33. Nb4 Re6 34. N4d5 Be4 35. a4 f5 36. a5 f4 37. Bxf4 Nf6 38. Bxg3 hxg3 39. Nxf6 Rxf6 40. Nc4 Rf1+ 41. Ka2 Rf2 42. a6 Rxd2 43.
Nxd2 Bxg2 44. Nc4 Bd5 45. b3 g2 46. Ne5+ Ke8 47. c4 g1=Q 48. cxd5 Qf2+ 49. Ka3 Qc5+ 50. b4 Qc3+ 51. Ka4 Qxe5 52. a7 Qxd5 53. b5 Qb7 54. b6 Kd7 55. Kb5 e5 56. Kc5 Qc6+ 0-1

[Event "Early-Titled-Tuesday-Blitz-June-18-2024"]
[Site "Chess.com"]
[Date "2024.06.18"]
[Round "6"]
[White "CFalcons8"]
[Black "lagedema"]
[Result "0-1"]
[WhiteElo "2442"]
[BlackElo "2445"]
[TimeControl "180+1"]
[EndTime "9:10:09 PDT"]
[Termination "lagedema won by checkmate"]

1. d4 Nf6 2. Nf3 e6 3. c4 Bb4+ 4. Bd2 c5 5. a3 Bxd2+ 6. Nbxd2 cxd4 7. Nxd4 O-O 8. g3 d5 9. Bg2 Nc6 10. Nxc6 bxc6 11. O-O Rb8 12. Qc2 e5 13. b4 Be6 14.
Rfd1 Qc8 15. cxd5 cxd5 16. Qb2 Bg4 17. f3 Bf5 18. Qxe5 Re8 19. Qd4 Rxe2 20. Bf1 Re7 21. Rac1 Qe6 22. Re1 Qd6 23. Rxe7 Qxe7 24. Qf4 Re8 25. Kf2 h6 26. Bb5 Bd7 27. Bd3 Qe6 28. Nb3 Ba4 29. Nc5 Qh3 30. g4 Bd7 31. Qg3 Qxg3+ 32.
hxg3 Rc8 33. Re1 Kf8 34. Rc1 Ke7 35. Ke3 Be6 36. Kd4 Nd7 37. Rb1 Nb6 38. a4 Kd6 39.
a5 Nc4 40. Bxc4 dxc4 41. Rd1 Ke7 42. Kc3 Rc7 43. f4 Bxg4 44. Kxc4 Bxd1 45. b5 Be2+ 46. Kb4 Kd6 47. Ne4+ Kd5 48. Nc3+ Rxc3 49. Kxc3 Bxb5 50. Kb4 a6 51. Kc3 f5 52. Kd2 Ke4 53. Kc3 Kf3 54. Kd4 Kxg3 55. Ke5 h5 56. Kxf5 h4 57. Kg6 Bd3+ 58. f5 h3 59. Kxg7 Bxf5 60. Kf6 Be4 61. Ke5 Bf3 62. Kd4 h2 63. Kc5 h1=Q 64. Kb6 Qa1 65. Ka7 Be2 66. Kb8 Qxa5 67. Ka7 Qc5+ 68.
Kb8 a5 69. Kb7 a4 70. Kb8 a3 71. Kb7 a2 72. Kb8 a1=Q 73. Kb7 Qaa7# 0-1

[Event "Early-Titled-Tuesday-Blitz-June-18-2024"]
[Site "Chess.com"]
[Date "2024.06.18"]
[Round "6"]
[White "cthulhuuu"]
[Black "Ordekalog"]
[Result "1/2-1/2"]
[WhiteElo "2376"]
[BlackElo "2626"]
[TimeControl "180+1"]
[EndTime "9:10:10 PDT"]
[Termination "Game drawn by stalemate"]

1. e4 c5 2. Nf3 Nc6 3. d3 e6 4. g3 d5 5. Nbd2 g5 6. exd5 exd5 7. Qe2+ Be6 8. Bh3 Qf6 9. Bxe6 fxe6 10. h4 g4 11. Ng5 Nd4 12. Qd1 h6 13. c3 Nc6 14.
Nde4 dxe4 15. Nxe4 Qf3 16. Qxf3 gxf3 17. Be3 O-O-O 18.
O-O-O b6 19. g4 Nge7 20. Rh3 Ne5 21. d4 Nxg4 22. Rxf3 Nf5 23. Bf4 cxd4 24. cxd4 Kb7 25. Rfd3 Rh7 26. d5 exd5 27. Rxd5 Rxd5 28. Rxd5 Rf7 29. f3 Nge3 30. Rd8 Ng2 31. Rb8+ Kc6 32. Rc8+ Kb7 33. Rb8+ Ka6 34. Bd2 Ngxh4 35. a4 Nxf3 36.
Bc3 Nd6 37. b4 Rc7 38. b5+ Nxb5 39. axb5+ Kxb5 40. Rxf8 Nd4 41. Kd2 Nb3+ 42. Kd3 Rd7+ 43. Kc2 Nc5 44. Rf5 Rc7 45. Rh5 Rc6 46. Kb2 Kc4 47.
Nxc5 Rxc5 48. Rxh6 Kb5 49. Rh4 a5 50. Re4 Rf5 51. Re5+ Rxe5 52. Bxe5 Kc4 53. Bc7 Kc5 54. Bxb6+ Kxb6 55. Ka2 Kb5 56. Ka1 Kb4 57. Ka2 a4 58. Ka1 a3 59. Kb1 Kb3 60. Ka1 a2 1/2-1/2

[Event "Early-Titled-Tuesday-Blitz-June-18-2024"]
[Site "Chess.com"]
[Date "2024.06.18"]
[Round "6"]
[White "Gumugama"]
[Black "ShahMatKanal"]
[Result "0-1"]
[WhiteElo "2270"]
[BlackElo "2474"]
[TimeControl "180+1"]
[EndTime "9:10:10 PDT"]
[Termination "ShahMatKanal won by resignation"]

1. e4 c6 2. Nf3 d5 3. Nc3 g6 4. d4 h5 5. Bd3 Nh6 6. h3 Bg7 7. e5 Bf5 8. Ne2 Bxd3 9. Qxd3 e6 10. Bg5 Qa5+ 11. c3 Qa6 12. Qd2 Nd7 13. O-O c5 14.
b4 cxd4 15. cxd4 Nb6 16. a4 Nc4 17. Qd3 O-O 18. b5 Qb6 19. Nf4 Qc7 20. Rfc1 Rac8 21.
g3 a6 22. Kg2 axb5 23. axb5 Ra8 24. Rxa8 Rxa8 25. Nxg6 fxg6 26. Qxg6 Qf7 27. Qd3 Ra3 28. Qe2 Nf5 29. Bf4 h4 30. Ng5 Qg6 31. Rxc4 dxc4 32. Qxc4 hxg3 33. fxg3 Ra8 34. Nxe6 Qxg3+ 35. Bxg3 Ne3+ 36.
Kf3 Nxc4 37. Ke4 Nb6 38. Nc7 Ra2 39. e6 Bf8 40. d5 Re2+ 41. Kd3 Rg2 42. Be5 Nc8 43. Ne8 Kh7 44. Nf6+ Kg6 45. Nd7 Bd6 46. Bd4 Rg3+ 47. Ke4 Rxh3 48. Be5 Bxe5 49. Kxe5 Re3+ 50.
Kd4 Re1 51. Kc5 Rc1+ 52. Kd4 Kf5 53. Nc5 b6 54. Nd7 Rb1 55. Kc4 Ke4 56. Nf6+ Ke5 57.
Ne8 Nd6+ 58. Nxd6 Kxd6 59. Kd4 Rxb5 60. Kc4 Rc5+ 61. Kd4 Rxd5+ 0-1

[Event "Early-Titled-Tuesday-Blitz-June-18-2024"]
[Site "Chess.com"]
[Date "2024.06.18"]
[Round "6"]
[White "MarlonJodar"]
[Black "FerAsensio2024"]
[Result "1/2-1/2"]
[WhiteElo "2362"]
[BlackElo "2525"]
[TimeControl "180+1"]
[EndTime "9:10:12 PDT"]
[Termination "Game drawn by repetition"]

1. e4 c6 2. d4 d5 3. Nc3 dxe4 4. Nxe4 Nf6 5. Nxf6+ exf6 6. c3 Bd6 7. Bd3 Qc7 8. Ne2 O-O 9. Qc2 h5 10. Be3 Re8 11.
O-O-O Be6 12. Kb1 Nd7 13. h3 Nf8 14. g4 h4 15. Rhg1 Bh2 16. Rg2 Bd5 17. Rdg1 Bxg2 18. Rxg2 Ne6 19. Ng1 Bf4 20. Nf3 Ng5 21. Nxh4 Bxe3 22.
fxe3 Rxe3 23. Rg1 Rae8 24. a3 Re1+ 25. Rxe1 Rxe1+ 26. Ka2 Qf4 27. Nf5 Qc1 28. Qa4 Qa1+ 29. Kb3 Qd1+ 30. Bc2 Qe2 31. Qxa7 Qe6+ 32. c4 Re3+ 33.
Ka2 g6 34. Qb8+ Kh7 35. Nxe3 Qxe3 36. h4 Ne4 37. Bxe4 Qxe4 38. Qd6 Qxg4 39. Qxf6 Qd7 40. Qe5 Kg8 41. d5 cxd5 42. cxd5 Kh7 43. h5 gxh5 44. Qxh5+ Kg7 45. Qe5+ Kf8 46. d6 Qc6 47. Kb3 Kg8 48. Qg5+ Kf8 49. Qe7+ Kg8 50. Qe5 Kh7 51. Ka2 Kg6 52.
Qd4 Qd7 53. Qe5 b5 54. b3 f6 55. Qe7 Qc6 56. d7 Qc2+ 57. Ka1 Qc1+ 58. Ka2 Qc2+ 59. Ka1 Qc1+ 60. Ka2 Qc2+ 1/2-1/2

[Event "Early-Titled-Tuesday-Blitz-June-18-2024"]
[Site "Chess.com"]
[Date "2024.06.18"]
[Round "6"]
[White "Guldona_2007"]
[Black "rookpower2004"]
[Result "0-1"]
[WhiteElo "2264"]
[BlackElo "2471"]
[TimeControl "180+1"]
[EndTime "9:10:12 PDT"]
[Termination "rookpower2004 won by checkmate"]

1. e4 e5 2. Nf3 Nc6 3. Bb5 a6 4.
Ba4 Nf6 5. Nc3 b5 6. Bb3 d6 7.
Ng5 Be6 8. Nxe6 fxe6 9. Bxe6 Nd4 10. Bb3 b4 11. Nd5 Nxe4 12. Nxb4 Nxb3 13. axb3 Nxf2 14. Qf3 Nxh1 15. Qc6+ Ke7 16. Nd5+ Kf7 17. Nxc7 Qh4+ 18.
g3 Nxg3 19. Qd5+ Kg6 20. Qe6+ Kh5 21. Qf7+ g6 22. Qf3+ Qg4 23. Qxg4+ Kxg4 24. Nxa8 Nf5 25. Rxa6 Be7 26. Nc7 Kh3 27. d3 Kxh2 28. Nd5 Bh4+ 29. Kd1 h5 30. Ne3 Nxe3+ 31. Bxe3 g5 32. Rxd6 g4 33.
Rg6 g3 34. b4 Be7 35. b5 h4 36. Ke2 h3 37. b6 Kg2 38. Bf2 Bh4 39. b7 h2 40.
Bxg3 Bxg3 41. Rxg3+ Kxg3 42. b8=Q Rxb8 43. b3 h1=Q 44.
c4 Qf3+ 45. Kd2 Qf2+ 46. Kc3 Qd4+ 47. Kc2 Rxb3 48. Kxb3 Qxd3+ 49. Kb4 e4 50. c5 e3 51. c6 e2 52. Kc5 e1=Q 53. c7 Qec3+ 54. Kb6 Qd6+ 55.
Ka7 Qcxc7+ 56. Ka8 Qdd8# 0-1

[Event "Early-Titled-Tuesday-Blitz-June-18-2024"]
[Site "Chess.com"]
[Date "2024.06.18"]
[Round "6"]
[White "RandomNoob04"]
[Black "FARIZA2018"]
[Result "1-0"]
[WhiteElo "2818"]
[BlackElo "2596"]
[TimeControl "180+1"]
[EndTime "9:10:15 PDT"]
[Termination "RandomNoob04 won by resignation"]

1. e4 e5 2. d4 Nc6 3. d5 Nce7 4. Nf3 d6 5. c4 Nf6 6. Nc3 Ng6 7. h3 Be7 8. Bd3 c6 9. O-O O-O 10. b4 Bd7 11. a4 Rc8 12. Be3 cxd5 13. exd5 Nh5 14. c5 Nhf4 15. Ne4 f5 16. cxd6 Bh4 17. Nc5 Nxd3 18. Nxd3 e4 19. Nxh4 Nxh4 20. Nf4 Qg5 21. Qh5 Nf3+ 22. Kh1 Qxh5 23. Nxh5 Ne5 24. Nf4 Nc4 25.
Bxa7 b6 26. a5 bxa5 27. bxa5 Nxd6 28. Rfc1 Bb5 29. Bc5 Rfd8 30. Ne6 Rd7 31. Nd4 Bd3 32. Bxd6 Rxc1+ 33. Rxc1 Rxd6 34. Nxf5 Rf6 35. d6 Bb5 36. Rc8+ Kf7 37. Rc7+ Ke6 38. Nd4+ Kxd6 39. Nxb5+ Kd5 40. Rxg7 Rxf2 41. a6 e3 42. a7 Ra2 43. Re7 Ra1+ 44. Kh2 Kc4 45. Rxe3 Kxb5 46. Re7 h5 47. Rh7 Kc6 48. Kg3 Ra3+ 49. Kh4 Kd6 50. Kxh5 Ke6 51. h4 Kf6 52. g4 Ra5+ 53. g5+ Kf5 54. Rf7+ Ke6 55.
Rb7 Kf5 56. Rb5+ 1-0

[Event "Early-Titled-Tuesday-Blitz-June-18-2024"]
[Site "Chess.com"]
[Date "2024.06.18"]
[Round "6"]
[White "Sprinc1"]
[Black "pavelalexandru07"]
[Result "0-1"]
[WhiteElo "2225"]
[BlackElo "2459"]
[TimeControl "180+1"]
[EndTime "9:10:15 PDT"]
[Termination "pavelalexandru07 won by resignation"]

1. d4 d5 2. Nf3 Nf6 3. g3 c5 4. Bg2 cxd4 5. O-O h6 6. b3 e6 7.
Bb2 Bc5 8. Bxd4 Bxd4 9. Qxd4 O-O 10. Rd1 Nc6 11. Qb2 Qe7 12. c4 dxc4 13. bxc4 Qc7 14. Nc3 a6 15. Na4 Na5 16. Rac1 Bd7 17. Nb6 Rad8 18. c5 Bb5 19. a4 Rxd1+ 20. Rxd1 Qxc5 21. axb5 Qxb6 22. Rb1 Nc4 23. Qb4 axb5 24. Qxc4 bxc4 25. Rxb6 Rc8 26. Nd4 c3 27. Nc2 Rd8 28. Rb3 Rd1+ 29. Bf1 Ne4 30. Kg2 Rc1 31. Ne3 c2 32. Nxc2 Rxf1 33.
Rxb7 Rxf2+ 34. Kg1 Rxe2 35. Nd4 Rd2 36. Nf3 Ra2 37. Ne5 f6 38. Nf3 e5 39. Rc7 h5 40. Rb7 Nd2 41. Nh4 Ne4 42. Nf5 g5 43. Rg7+ Kf8 44. Rh7 Rf2 45. Nd6 Re2 46. Rf7+ Kg8 47.
Rd7 Nxd6 48. Rxd6 Kf7 49. Ra6 Kg6 50. h3 Rc2 51. Rb6 Kf5 52. Rb4 e4 53. Rb5+ Ke6 54.
Ra5 f5 55. Rb5 Rd2 56. Ra5 e3 57. Ra6+ Ke5 58. Ra8 Ke4 59. Re8+ Kf3 60. g4 hxg4 61. hxg4 f4 0-1

[Event "Early-Titled-Tuesday-Blitz-June-18-2024"]
[Site "Chess.com"]
[Date "2024.06.18"]
[Round "6"]
[White "Iskusnyh"]
[Black "Manukyan_Artak"]
[Result "0-1"]
[WhiteElo "2644"]
[BlackElo "2503"]
[TimeControl "180+1"]
[EndTime "9:10:17 PDT"]
[Termination "Manukyan_Artak won by resignation"]

1. d4 d5 2. c4 dxc4 3. e3 e5 4. Bxc4 exd4 5. exd4 Nf6 6. Qb3 Qe7+ 7. Ne2 Qb4+ 8. Nbc3 Qxb3 9. Bxb3 Bb4 10. O-O O-O 11.
Bf4 c6 12. Rad1 Be6 13. d5 cxd5 14. Nxd5 Nxd5 15. Bxd5 Bxd5 16. Rxd5 Nc6 17. a3 Be7 18. Rd7 b6 19. Rc1 Rac8 20. Rxc6 Rxc6 21. Rxe7 Rc2 22. b4 Rd8 23. g3 f6 24. h4 Ra2 25. h5 Kf8 26. Re4 Rxa3 27. Nd4 Re8 28.
Rxe8+ Kxe8 29. b5 g6 30. h6 Kf7 31. Kg2 a6 32. bxa6 Rxa6 33. Be3 g5 34. g4 Kg6 35. Nf5 b5 36. Bc5 Ra4 37. Kg3 Rc4 38. Bf8 b4 39. Ne3 Rd4 40. Bc5 Re4 41. f3 b3 42.
fxe4 b2 43. Nf5 b1=Q 44. Kf3 Qd3+ 45. Be3 Qd1+ 46. Kg3 Qh1 47. Nd6 Qh4+ 48. Kf3 Qh3+ 49. Ke2 Qxg4+ 50. Kd3 Kxh6 51. Nf5+ Kg6 52. Ne7+ Kf7 53.
Nf5 Qg2 54. Nd6+ Ke6 55. Nf5 h5 56. Ng7+ Kf7 57. Nxh5 Kg6 0-1

[Event "Early-Titled-Tuesday-Blitz-June-18-2024"]
[Site "Chess.com"]
[Date "2024.06.18"]
[Round "6"]
[White "gafkens"]
[Black "Juicy_Fork"]
[Result "1-0"]
[WhiteElo "2623"]
[BlackElo "2419"]
[TimeControl "180+1"]
[EndTime "9:10:17 PDT"]
[Termination "gafkens won on time"]

1. e4 e5 2. Nf3 Nc6 3. d4 exd4 4. Nxd4 Qf6 5. Nxc6 Bc5 6. Qf3 bxc6 7. Nd2 d6 8. Nb3 Bb6 9. a4 a5 10. Bc4 Qxf3 11. gxf3 Ne7 12. Be3 Ng6 13. Ke2 Ne5 14. Bd3 Be6 15. Nd4 Bd7 16. Rhg1 c5 17. Nb5 c4 18. Bxb6 cxd3+ 19. cxd3 Bxb5 20. Bxc7 Bxd3+ 21. Ke3 Ba6 22. b3 Kd7 23. Bxa5 g6 24. f4 Nc6 25. Bc3 Rhe8 26. Rgd1 Rab8 27. Rab1 Kc7 28. b4 Bb7 29. b5 Ne7 30. Ba5+ Kd7 31. Rbc1 Nf5+ 32.
Kf3 Bxe4+ 33. Kg4 h5+ 34. Kg5 Ke6 35. Bc3 Rbc8 36. Re1 Kd7 37. a5 Bd3 38. b6 Ba6 39.
Rxe8 Rxe8 40. Kf6 Re7 41. Rd1 Nh6 42. Bb4 Ng4+ 43. Kg7 Nxf2 44. Rxd6+ Kc8 45. Rd2 Rd7 46. Rc2+ Kb7 47. Rxf2 f5+ 48. Kxg6 Bd3 49. Kxh5 Be4 50. Kg5 Ka6 51. h4 Rg7+ 52. Kf6 Rh7 53. Rh2 Rh5 54.
Kg6 Bf3 55. Bd2 Bg4 56. Be1 Kb7 57. Rb2 Rh8 58. Kg7 Rd8 59. Bf2 Rd7+ 60. Kf6 Rd6+ 61. Ke5 Rd8 62. Ke6 Re8+ 63. Kd7 Re4 64. a6+ 1-0

[Event "Early-Titled-Tuesday-Blitz-June-18-2024"]
[Site "Chess.com"]
[Date "2024.06.18"]
[Round "6"]
[White "marvinguevara"]
[Black "harkerchess"]
[Result "0-1"]
[WhiteElo "2129"]
[BlackElo "2366"]
[TimeControl "180+1"]
[EndTime "9:10:17 PDT"]
[Termination "harkerchess won on time"]

1. e4 e5 2. Nf3 Nc6 3. Bc4 Bc5 4. O-O Nf6 5. d4 Bxd4 6. Nxd4 Nxd4 7. Bg5 Qe7 8. Nc3 c6 9. Kh1 d6 10. f4 Be6 11. Bxe6 Nxe6 12. fxe5 dxe5 13. Bxf6 gxf6 14. Qf3 O-O-O 15. Qxf6 Qxf6 16. Rxf6 Rd2 17. Rxf7 Rxc2 18. Raf1 Rxb2 19. h4 Rc2 20. Nd1 Nf4 21. g3 Ne2 22. Rg7 Rxa2 23. Ne3 Nc3 24. Rff7 Nxe4 25. Rc7+ Kb8 26.
Rxb7+ Ka8 27. Nc4 Rd8 28. Rgd7 Nxg3+ 29. Kg1 Rf8 30. Rf7 Rd8 31. Rfd7 Rxd7 32. Rxd7 e4 33. Rxh7 a5 34. h5 a4 35. h6 Rc2 36. Nb6+ Kb8 37. Nxa4 Nf5 38. Rh8+ Kb7 39. h7 Rc1+ 40. Kg2 Ne3+ 41. Kh2 Rc2+ 42. Kg3 Rg2+ 43. Kf4 Nd5+ 44. Kxe4 Nf6+ 45. Kf5 Nxh7 46. Rxh7+ Ka6 47. Ke5 Kb5 48. Nc3+ Kc4 49. Ne4 Re2 50. Kf4 Kd3 51. Rh3+ Kc4 52. Rc3+ Kd5 53. Nf6+ Kd6 54. Ne4+ Kd5 55. Rc5+ Ke6 56.
Rxc6+ Kd5 57. Rd6+ Kc4 58. Ke5 Re1 59. Rc6+ Kb5 60.
Rc8 Kb6 61. Kd5 Kb7 62. Rc2 Rd1+ 63. Ke6 Re1 64. Rc4 Kb6 0-1